| TOP OF THE 1ST |
|
Colorado Avalanche batting - Pitching for Americus Braves : RHP Alfredo Villamar
|
|
Pitching: RHP Alfredo Villamar
|
|
|
Batting: RHB Eric Delgado
|
0-0: Ball 1-0: Foul Ball, location: 2F 1-1: Foul Ball, location: 2F 1-2: Ball 2-2: SINGLE (Groundball, 5S, EV 70.0 MPH) (infield hit)
|
|
Batting: RHB Bryce Hickman
|
0-0: Ball 1-0: Ball 2-0: Foul Ball, location: 2F 2-1: Foul Ball, location: 2F 2-2: Fly out, F9 (Line Drive, 89M, EV 85.6 MPH)
|
|
Batting: RHB Chris Tatum
|
0-0: Ball 1-0: Fly out, F9 (Line Drive, 9, EV 95.0 MPH)
|
|
Batting: RHB Keith Giarratano
|
0-0: Ball 1-0: Ball 2-0: Foul Ball, location: 2F 2-1: Foul Ball, location: 2F 2-2: Ball 3-2: Fly out, F7 (Line Drive, 78M, EV 95.0 MPH)
|
| Top of the 1st over - 0 runs, 1 hit, 0 errors, 1 left on base; Colorado 0 - Americus 0 |
| BOTTOM OF THE 1ST |
|
Americus Braves batting - Pitching for Colorado Avalanche : RHP Diego Arredondo
|
|
Pitching: RHP Diego Arredondo
|
|
|
Batting: RHB Alex Guerra
|
0-0: Ball 1-0: Ball 2-0: Ball 3-0: Base on Balls
|
|
Batting: RHB Wilson Salgado
|
0-0: Swinging Strike 0-1: Called Strike 0-2: Ball 1-2: Ball 2-2: Strikes out swinging
|
|
Batting: LHB Garret Mathis
|
0-0: Called Strike 0-1: Ball 1-1: Foul Ball, location: 2F 1-2: Foul Ball, location: 2F 1-2: Foul Ball, location: 2F 1-2: Foul Ball, location: 2F 1-2: 2-RUN HOME RUN (Flyball, 9D, EV 98.1 MPH), Distance : 385 ft
|
|
Batting: RHB Scott Hansen
|
0-0: Ground out 4-3 (Groundball, 34, EV 87.5 MPH)
|
|
Batting: RHB Ricardo Joya
|
0-0: Ball 1-0: Ball 2-0: Ball 3-0: Base on Balls
|
|
Batting: RHB Jose Hurtado
|
0-0: Called Strike 0-1: Ball 1-1: Ball 2-1: Foul Ball, location: 2F 2-2: Ball 3-2: Strikes out swinging
|
| Bottom of the 1st over - 2 runs, 1 hit, 0 errors, 1 left on base; Colorado 0 - Americus 2 |
| TOP OF THE 2ND |
|
Colorado Avalanche batting - Pitching for Americus Braves : RHP Alfredo Villamar
|
|
Batting: SHB J.D. Newman
|
0-0: Swinging Strike 0-1: Swinging Strike 0-2: Strikes out swinging
|
|
Batting: RHB Rade Mamula
|
0-0: Ball 1-0: Foul Ball, location: 2F 1-1: Ground out 6-3 (Groundball, 6, EV 98.8 MPH)
|
|
Batting: RHB Tom Gentry
|
0-0: Ball 1-0: Called Strike 1-1: Ball 2-1: Foul Ball, location: 2F 2-2: Foul Ball, location: 2F 2-2: Fly out, F8 (Flyball, 8LD, EV 100.0 MPH)
|
| Top of the 2nd over - 0 runs, 0 hits, 0 errors, 0 left on base; Colorado 0 - Americus 2 |
| BOTTOM OF THE 2ND |
|
Americus Braves batting - Pitching for Colorado Avalanche : RHP Diego Arredondo
|
|
Batting: RHB Juan Gonzalez
|
0-0: Foul Ball, location: 2F 0-1: Ball 1-1: Swinging Strike 1-2: Ball 2-2: Strikes out swinging
|
|
Batting: LHB Pappy Sterile
|
0-0: Foul Ball, location: 2F 0-1: Ball 1-1: Ball 2-1: Called Strike 2-2: Strikes out swinging
|
|
Batting: RHB Bart Stevensdick
|
0-0: Called Strike 0-1: Ball 1-1: Ball 2-1: Called Strike 2-2: Strikes out looking
|
| Bottom of the 2nd over - 0 runs, 0 hits, 0 errors, 0 left on base; Colorado 0 - Americus 2 |
| TOP OF THE 3RD |
|
Colorado Avalanche batting - Pitching for Americus Braves : RHP Alfredo Villamar
|
|
Batting: LHB Rich Rauda
|
0-0: Ball 1-0: Fly out, F4 (Popup, 34D, EV 41.9 MPH)
|
|
Batting: LHB Brian Canny
|
0-0: Ball 1-0: Called Strike 1-1: Swinging Strike 1-2: Ball 2-2: Strikes out swinging
|
|
Batting: RHB Eric Delgado
|
0-0: Swinging Strike 0-1: Ball 1-1: Foul Ball, location: 2F 1-2: Fly out, F7 (Flyball, 7, EV 95.6 MPH)
|
| Top of the 3rd over - 0 runs, 0 hits, 0 errors, 0 left on base; Colorado 0 - Americus 2 |
| BOTTOM OF THE 3RD |
|
Americus Braves batting - Pitching for Colorado Avalanche : RHP Diego Arredondo
|
|
Batting: RHB Alex Guerra
|
0-0: SINGLE (Groundball, 4MD, EV 103.8 MPH)
|
|
Pitching: RHP Chu-ho Yi
|
|
|
Batting: RHB Wilson Salgado
|
0-0: Called Strike 0-1: Ball 1-1: Ball Alex Guerra steals 2nd base 2-1: Called Strike 2-2: Foul Ball, location: 2F 2-2: Strikes out swinging
|
|
Batting: LHB Garret Mathis
|
0-0: Ball Alex Guerra is caught stealing 3rd base 2-5 1-0: Called Strike 1-1: Foul Ball, location: 2F 1-2: Fly out, F8 (Flyball, 8LD, EV 90.0 MPH)
|
| Bottom of the 3rd over - 0 runs, 1 hit, 0 errors, 0 left on base; Colorado 0 - Americus 2 |
| TOP OF THE 4TH |
|
Colorado Avalanche batting - Pitching for Americus Braves : RHP Alfredo Villamar
|
|
Batting: RHB Bryce Hickman
|
0-0: SINGLE (Groundball, 56D, EV 108.1 MPH)
|
|
Batting: RHB Chris Tatum
|
0-0: Called Strike 0-1: Grounds into double play, 6-4-3 (Groundball, 6, EV 99.4 MPH)
|
|
Batting: RHB Keith Giarratano
|
0-0: Ball 1-0: Ball 2-0: Called Strike 2-1: Foul Ball, location: 2F 2-2: Ball 3-2: Ground out 4-3 (Groundball, 4, EV 92.5 MPH)
|
| Top of the 4th over - 0 runs, 1 hit, 0 errors, 0 left on base; Colorado 0 - Americus 2 |
| BOTTOM OF THE 4TH |
|
Americus Braves batting - Pitching for Colorado Avalanche : RHP Chu-ho Yi
|
|
Batting: RHB Scott Hansen
|
0-0: Called Strike 0-1: Ball 1-1: Ball 2-1: Foul Ball, location: 2F 2-2: DOUBLE (Line Drive, 89M, EV 95.0 MPH)
|
|
Batting: RHB Ricardo Joya
|
0-0: Called Strike 0-1: Ball 1-1: Fly out, F7 (Flyball, 78XD, EV 101.2 MPH) Runner from 2nd tags up, SAFE at 3rd, no throw by LF
|
|
Batting: RHB Jose Hurtado
|
0-0: Ball 1-0: Swinging Strike 1-1: Ball 2-1: Ball 3-1: SINGLE (Groundball, 56, EV 94.4 MPH) Scott Hansen scores
|
|
Pitching: LHP Matt Belair
|
|
|
Batting: RHB Juan Gonzalez
|
0-0: Called Strike 0-1: Swinging Strike 0-2: Ball 1-2: Foul Ball, location: 2F 1-2: Foul Ball, location: 2F 1-2: 2-RUN HOME RUN (Flyball, 78XD, EV 106.9 MPH), Distance : 420 ft
|
|
Batting: LHB Pappy Sterile
|
0-0: Reached on error, E9 (Flyball, 89D, EV 101.2 MPH)
|
|
Batting: RHB Bart Stevensdick
|
0-0: Called Strike Pappy Sterile steals 2nd base 0-1: Ball 1-1: Ground out 1-3 (Groundball, 13S, EV 69.4 MPH) Pappy Sterile to third
|
|
Batting: RHB Alex Guerra
|
0-0: Ball 1-0: Foul Ball, location: 2F 1-1: Fly out, F8 (Flyball, 8LD, EV 106.2 MPH)
|
| Bottom of the 4th over - 3 runs, 3 hits, 1 error, 1 left on base; Colorado 0 - Americus 5 |
| TOP OF THE 5TH |
|
Colorado Avalanche batting - Pitching for Americus Braves : RHP Alfredo Villamar
|
|
Batting: SHB J.D. Newman
|
0-0: Called Strike 0-1: Ball 1-1: Foul Ball, location: 2F 1-2: Strikes out looking
|
|
Batting: RHB Rade Mamula
|
0-0: Ball 1-0: Ball 2-0: Called Strike 2-1: Fly out, F8 (Flyball, 8RM, EV 86.2 MPH)
|
|
Batting: RHB Tom Gentry
|
0-0: Ball 1-0: SINGLE (Flyball, 34D, EV 85.0 MPH)
|
|
Batting: LHB Rich Rauda
|
0-0: Called Strike 0-1: Foul Ball, location: 2F 0-2: Strikes out looking
|
| Top of the 5th over - 0 runs, 1 hit, 0 errors, 1 left on base; Colorado 0 - Americus 5 |
| BOTTOM OF THE 5TH |
|
Americus Braves batting - Pitching for Colorado Avalanche : LHP Matt Belair
|
|
Batting: RHB Wilson Salgado
|
0-0: Foul Ball, location: 2F 0-1: Foul Ball, location: 2F 0-2: Ball 1-2: Ball 2-2: Ball 3-2: Strikes out swinging
|
|
Batting: LHB Garret Mathis
|
0-0: Ball 1-0: Swinging Strike 1-1: Ball 2-1: Ball 3-1: Called Strike 3-2: Base on Balls
|
|
Batting: RHB Scott Hansen
|
0-0: Called Strike 0-1: Foul Ball, location: 2F 0-2: Ball 1-2: Fly out, F7 (Flyball, 78S, EV 84.4 MPH)
|
|
Batting: RHB Ricardo Joya
|
0-0: Swinging Strike 0-1: Foul Ball, location: 2F 0-2: Ball 1-2: Ball 2-2: Fly out, F8 (Flyball, 8RD, EV 89.4 MPH)
|
| Bottom of the 5th over - 0 runs, 0 hits, 0 errors, 1 left on base; Colorado 0 - Americus 5 |
| TOP OF THE 6TH |
|
Colorado Avalanche batting - Pitching for Americus Braves : RHP Alfredo Villamar
|
|
Batting: LHB Brian Canny
|
0-0: Fly out, F8 (Flyball, 8LS, EV 81.9 MPH)
|
|
Batting: RHB Eric Delgado
|
0-0: Ball 1-0: Called Strike 1-1: Ball 2-1: Foul Ball, location: 2F 2-2: TRIPLE (Flyball, 8LXD, EV 95.6 MPH)
|
|
Batting: RHB Bryce Hickman
|
0-0: Ball 1-0: Called Strike 1-1: Fly out, F4 (Popup, 6M, EV 72.5 MPH)
|
|
Batting: RHB Chris Tatum
|
0-0: Foul Ball, location: 2F 0-1: Ground out 5-3 (Groundball, 56, EV 82.5 MPH)
|
| Top of the 6th over - 0 runs, 1 hit, 0 errors, 1 left on base; Colorado 0 - Americus 5 |
| BOTTOM OF THE 6TH |
|
Americus Braves batting - Pitching for Colorado Avalanche : LHP Matt Belair
|
|
Batting: RHB Jose Hurtado
|
0-0: Ground out 6-3 (Groundball, 6, EV 85.0 MPH)
|
|
Batting: RHB Juan Gonzalez
|
0-0: Foul Ball, location: 2F 0-1: Ball 1-1: Ball 2-1: Foul Ball, location: 2F 2-2: Foul Ball, location: 2F 2-2: Ball 3-2: Foul Ball, location: 2F 3-2: Foul Ball, location: 2F 3-2: Base on Balls
|
|
Pitching: RHP Alex McKinstry
|
|
|
Batting: LHB Pappy Sterile
|
0-0: Ball 1-0: Foul Ball, location: 2F 1-1: Swinging Strike 1-2: SINGLE (Groundball, 6S, EV 66.9 MPH) (infield hit) Juan Gonzalez to second
|
|
Batting: RHB Bart Stevensdick
|
0-0: Ball 1-0: Ball 2-0: Ball 3-0: Base on Balls Juan Gonzalez to third Pappy Sterile to second
|
|
Batting: RHB Alex Guerra
|
0-0: Called Strike 0-1: Ball 1-1: Swinging Strike 1-2: Ball 2-2: Foul Ball, location: 2F 2-2: Strikes out swinging
|
|
Batting: RHB Wilson Salgado
|
0-0: Swinging Strike 0-1: Ball 1-1: Ball 2-1: Foul Ball, location: 2F 2-2: Foul Ball, location: 2F 2-2: Ball 3-2: Strikes out swinging
|
| Bottom of the 6th over - 0 runs, 1 hit, 0 errors, 3 left on base; Colorado 0 - Americus 5 |
| TOP OF THE 7TH |
|
Colorado Avalanche batting - Pitching for Americus Braves : RHP Alfredo Villamar
|
|
Batting: RHB Keith Giarratano
|
0-0: SINGLE (Line Drive, 8LS, EV 100.0 MPH)
|
|
Batting: SHB J.D. Newman
|
0-0: Ball 1-0: Fielders Choice at 2nd, 6-4 (Groundball, 6, EV 81.9 MPH)
|
|
Batting: RHB Rade Mamula
|
0-0: Fielders Choice at 2nd, 5-4 (Groundball, 56, EV 90.0 MPH)
|
|
Batting: RHB Tom Gentry
|
0-0: Fly out, F9 (Flyball, 9, EV 88.8 MPH)
|
| Top of the 7th over - 0 runs, 1 hit, 0 errors, 1 left on base; Colorado 0 - Americus 5 |
| BOTTOM OF THE 7TH |
|
Americus Braves batting - Pitching for Colorado Avalanche : RHP Alex McKinstry
|
|
Batting: LHB Garret Mathis
|
0-0: Ball 1-0: Foul Ball, location: 2F 1-1: SINGLE (Line Drive, 7S, EV 110.6 MPH)
|
|
Batting: RHB Scott Hansen
|
0-0: Swinging Strike 0-1: Ball 1-1: Swinging Strike 1-2: Strikes out swinging
|
|
Batting: RHB Ricardo Joya
|
0-0: Ball 1-0: Fly out, F9 (Flyball, 9, EV 78.8 MPH)
|
|
Batting: RHB Jose Hurtado
|
0-0: Ball 1-0: Ball 2-0: Called Strike 2-1: Called Strike 2-2: Strikes out swinging
|
| Bottom of the 7th over - 0 runs, 1 hit, 0 errors, 1 left on base; Colorado 0 - Americus 5 |
| TOP OF THE 8TH |
|
Colorado Avalanche batting - Pitching for Americus Braves : RHP Alfredo Villamar
|
|
Batting: LHB Rich Rauda
|
0-0: Ball 1-0: Fly out, F7 (Flyball, 7LS, EV 76.2 MPH)
|
|
Batting: LHB Brian Canny
|
0-0: Foul Ball, location: 2F 0-1: Ball 1-1: Ball 2-1: Foul Ball, location: 2F 2-2: Foul Ball, location: 2F 2-2: SINGLE (Groundball, 4MS, EV 73.1 MPH) (infield hit)
|
|
Batting: RHB Eric Delgado
|
0-0: Called Strike 0-1: Ball 1-1: Foul Ball, location: 2F 1-2: Foul Ball, location: 2F 1-2: Foul Ball, location: 2F 1-2: Ball 2-2: Foul Ball, location: 2F 2-2: Foul Ball, location: 2F 2-2: Ball 3-2: Fly out, F8 (Flyball, 78M, EV 97.5 MPH)
|
|
Batting: RHB Bryce Hickman
|
0-0: Foul Ball, location: 2F 0-1: Swinging Strike 0-2: Ball 1-2: SINGLE (Line Drive, 4D, EV 100.6 MPH) Brian Canny to second
|
|
Batting: RHB Chris Tatum
|
0-0: Foul Ball, location: 2F 0-1: Foul Ball, location: 2F 0-2: Ball 1-2: Ball 2-2: Ball 3-2: Fly out, F9 (Flyball, 9S, EV 80.0 MPH)
|
| Top of the 8th over - 0 runs, 2 hits, 0 errors, 2 left on base; Colorado 0 - Americus 5 |
| BOTTOM OF THE 8TH |
|
Americus Braves batting - Pitching for Colorado Avalanche : RHP Alex McKinstry
|
|
Batting: RHB Juan Gonzalez
|
0-0: Called Strike 0-1: Foul Ball, location: 2F 0-2: Foul Ball, location: 2F 0-2: Strikes out swinging
|
|
Batting: LHB Pappy Sterile
|
0-0: Foul Ball, location: 2F 0-1: Swinging Strike 0-2: Foul Ball, location: 2F 0-2: Ball 1-2: Strikes out swinging
|
|
Batting: RHB Bart Stevensdick
|
0-0: Called Strike 0-1: Ground out 6-3 (Groundball, 6, EV 90.6 MPH)
|
| Bottom of the 8th over - 0 runs, 0 hits, 0 errors, 0 left on base; Colorado 0 - Americus 5 |
| TOP OF THE 9TH |
|
Colorado Avalanche batting - Pitching for Americus Braves : RHP Alfredo Villamar
|
|
Batting: RHB Keith Giarratano
|
0-0: Foul Ball, location: 2F 0-1: Called Strike 0-2: Ball 1-2: Ball 2-2: Ball 3-2: SINGLE (Flyball, 89S, EV 95.6 MPH)
|
|
Pitching: RHP Aaron Frey
|
|
|
Batting: SHB J.D. Newman
|
0-0: Ball 1-0: Fly out, F8 (Flyball, 8RM, EV 78.1 MPH)
|
|
Batting: RHB Rade Mamula
|
0-0: Ball 1-0: Called Strike 1-1: Foul Ball, location: 2F 1-2: Ball 2-2: Foul Ball, location: 2F 2-2: Ball 3-2: Foul Ball, location: 2F 3-2: 2-RUN HOME RUN (Flyball, 9LD, EV 99.4 MPH), Distance : 352 ft
|
|
Batting: RHB Tom Gentry
|
0-0: Ball 1-0: Swinging Strike 1-1: Called Strike 1-2: Strikes out swinging
|
|
Batting: LHB Rich Rauda
|
0-0: Foul Ball, location: 2F 0-1: Ground out U3 (Groundball, 34S, EV 84.4 MPH)
|
| Top of the 9th over - 2 runs, 2 hits, 0 errors, 0 left on base; Colorado 2 - Americus 5 |
|